 Dungeon Crawl Stone Soup version 0.30.0-30-g96aa6591b8 (webtiles) character file.

Game seed: 6828611869463580967

1059 Arctor the Shield-Bearer (level 8, -2/71 HPs)
             Began as a Minotaur Fighter on June 28, 2023.
             Slain by Sigmund
             ... wielding a +0 scythe
              (4 damage)
             ... on level 5 of the Dungeon.
             The game lasted 00:02:58 (3276 turns).

Arctor the Shield-Bearer (Minotaur Fighter)         Turns: 3276, Time: 00:02:59

Health: -2/71      AC:  7    Str: 24    XL:     8   Next: 6%
Magic:  7/7        EV:  9    Int:  5    God:
Gold:   151        SH:  5    Dex:  9    Spells: 7/7 levels left

rFire   . . .        a - +0 war axe
rCold   . . .        c - +0 buckler
rNeg    . . .        b - +0 scale mail
rPois   .            (helmet restricted)
rElec   .            (no cloak)
rCorr   .            (no gloves)
SInv    .            (no boots)
Will    .....        (no amulet) Stlth
                     (no ring)
HPRegen 0.31/turn    (no ring)
MPRegen 0.10/turn

%: no passive effects
@: no status effects
A: horns 2, retaliatory headbutt
a: no special abilities


You were on level 5 of the Dungeon.
You visited 1 branch of the dungeon, and saw 5 of its levels.

You collected 151 gold pieces.

Inventory:

Hand Weapons
 a - a +0 war axe (weapon)
 t - a +2 sling of draining
Missiles
 j - 4 atropa-tipped darts (quivered)
 k - 8 poisoned darts
Armour
 b - a +0 scale mail (worn)
 c - a +0 buckler (worn)
Wands
 l - a wand of paralysis (4)
Scrolls
 g - 6 scrolls of teleportation {unknown}
 h - 2 scrolls of immolation {unknown}
 m - 2 scrolls of blinking {unknown}
 o - a scroll of magic mapping {unknown}
 p - 3 scrolls of enchant weapon {unknown}
 q - a scroll of fog {unknown}
 r - a scroll of poison {unknown}
 u - a scroll of identify {unknown}
 v - a scroll of enchant armour {unknown}
Potions
 e - 3 potions of flight


   Skills:
 + Level 6.7 Fighting
 + Level 6.1 Axes
 + Level 6.7 Armour
 + Level 6.7 Shields


You had 7 spell levels left.
You didn't know any spells.
Your spell library contained the following spells:

 Spells                   Type           Power      Damage    Failure   Level
 Beastly Appendage        Tmut           0%         N/A       80%         1
 Slow                     Hex            0%         N/A       80%         1
 Wereblood                Tmut           0%         N/A       91%         2
 Confusing Touch          Hex            0%         N/A       99%         3
 Spider Form              Tmut/Pois      0%         N/A       99%         3
 Summon Guardian Golem    Hex/Summ       0%         N/A       99%         3
 Vampiric Draining        Necr           0%         2d6       99%         3
 Orb of Destruction       Conj           0%         9d5       100%        7
 Spellforged Servitor     Conj/Summ      0%         N/A       100%        7


Dungeon Overview and Level Annotations

Branches:
Dungeon (5/15)
 Temple: D:4-7

Altars:
Ashenzari
Sif Muna
Trog
Wu Jian

Annotations:
D:5 Sigmund


Innate Abilities, Weirdness & Mutations

You have a pair of horns on your head.
You reflexively headbutt those who attack you in melee.


Message History

You miss something. You miss the scorpion.
You float gracefully downwards.
The scorpion completely misses you. Something hits you but does no damage.
The scorpion stings you but does no damage.
You bump into the rock wall.
The scorpion barely misses you. Something hits you but does no damage.
You bump into the rock wall.
The scorpion stings you but does no damage.
You hit the scorpion. Your headbutt misses the scorpion.
The scorpion is moderately wounded.
You barely miss something.
You feel less confused.
The scorpion stings you but does no damage.
Something hits you.
* * * LOW HITPOINT WARNING * * *
The scorpion misses you. You furiously retaliate!
You headbutt the scorpion! You hit the scorpion.
You kill the scorpion!
You miss something. Something hits you.
* * * LOW HITPOINT WARNING * * *
Something hits you.
* * * LOW HITPOINT WARNING * * *
You see here a book of Death.
Something hits you.
* * * LOW HITPOINT WARNING * * *
Something hits you but does no damage. Something is attracted toward you.
You miss something. Your headbutt misses something. You miss something.
Something hits you.
* * * LOW HITPOINT WARNING * * *
You feel less attractive to monsters.
You closely miss something. Something hits you.
* * * LOW HITPOINT WARNING * * *
You barely miss something. You headbutt something! Something hits you.
* * * LOW HITPOINT WARNING * * *
You barely miss something. Something hits you but does no damage.
You hit something but do no damage. You hit something. You headbutt something.
You block something's attack.
You closely miss something. Something hits you!
* * * LOW HITPOINT WARNING * * *
You miss something. Something hits you.
You die...

#.... ......
####.!.#..
#......... .
#........ .$.
#.......
...>.####...#######
#....†.:{@.......
#..####)#######..
.. #. #)# ..##.
##.# ...#.# #..#
......###.##
......o.†.#
P......g#######
.~.....o=.....#


There were no monsters in sight!

Vanquished Creatures
  Pikel (D:4)
  A black bear (D:5)
  A lemure (D:4)
  3 scorpions
  3 hounds
  An orc priest (D:4)
  Ijyb (D:5)
  2 orc wizards
  3 adders
  A worm (D:5)
  A dart slug (D:2)
  9 orcs
  6 endoplasms
  A giant cockroach (D:4)
  7 goblins
  11 hobgoblins
  4 jackals (D:2)
  7 kobolds
  2 quokkas
  4 ball pythons
  10 bats
  6 frilled lizards (D:1)
  3 rats
88 creatures vanquished.

Vanquished Creatures (others)
  An orc (D:5)
1 creature vanquished.

Grand Total: 89 creatures vanquished

Notes
Turn   | Place    | Note
-------+----------+-------------------------------------------
     0 | D:1      | Arctor the Minotaur Fighter began the quest for the Orb.
     0 | D:1      | Reached XP level 1. HP: 19/19 MP: 0/0
    42 | D:1      | Reached XP level 2. HP: 24/27 MP: 1/1
   178 | D:1      | Found a faded altar of an unknown god.
   452 | D:2      | Noticed a scorpion
   458 | D:2      | Killed a scorpion
   459 | D:2      | Reached XP level 3. HP: 34/34 MP: 2/2
   459 | D:2      | Reached XP level 4. HP: 41/41 MP: 3/3
  1685 | D:3      | Found an ornate altar of the Wu Jian Council.
  1758 | D:3      | Found a broken altar of Ashenzari.
  1817 | D:3      | Reached XP level 5. HP: 47/47 MP: 4/4
  2403 | D:4      | Found a bloodstained altar of Trog.
  2412 | D:4      | Reached skill level 5 in Fighting
  2412 | D:4      | Reached skill level 5 in Armour
  2412 | D:4      | Reached skill level 5 in Shields
  2528 | D:4      | Reached XP level 6. HP: 56/56 MP: 5/5
  2961 | D:4      | Noticed Pikel
  2972 | D:4      | Killed Pikel
  2973 | D:4      | Reached skill level 5 in Axes
  2973 | D:4      | Reached XP level 7. HP: 30/64 MP: 6/6
  3111 | D:4      | Found a shimmering blue altar of Sif Muna.
  3204 | D:5      | Entered Level 5 of the Dungeon
  3204 | D:5      | Noticed Sigmund
  3204 | D:5      | Noticed Ijyb
  3251 | D:5      | Killed Ijyb
  3253 | D:5      | Reached XP level 8. HP: 31/71 MP: 7/7
  3275 | D:5      | HP: 1/71 [something (8)]
  3276 | D:5      | Slain by Sigmund

Illustrated notes

Levels and vault maps discovered:
D:1:      minmay_arrival_hallway, layout_rooms,
          chequers_ecumenical_altar_simple_redux
D:2:      layout_loops_corners, serial_co_window_serial, co_window_corner_a,
          co_window_of_opportunity_a, co_window_of_opportunity_a,
          co_window_paths_b, co_window_of_opportunity_a, co_window_2corner,
          co_window_corner_cb, co_window_corner_cb, glass_columns_a,
          glass_columns_a
D:3:      layout_rooms, lemuel_coloured_pillars_altar,
          nzn_wu_jian_contemplation, nicolae_titane
D:4:      layout_basic, mainiacjoe_overflow_small_starburst, led_sif_pool,
          nicolae_figureground_pulse, uniq_pikel
D:5:      layout_rooms, serial_bayou, serial_bayou_ford_a,
          serial_bayou_lagoon_a, serial_bayou_crossing, serial_bayou_shore_b,
          uniq_prince_ribbit1, uniq_eustachio, uniq_sigmund, uniq_ijyb

Skill      XL: |  1  2  3  4  5  6  7 |
---------------+----------------------+-----
Fighting       | 4 5 6 |  6.7
Shields        | 4 5 6 |  6.7
Armour         | 4 5 6 |  6.7
Axes           | 3 4 5 6 |  6.1

Action                     |  1- 3 |  4- 6 |  7- 9 || total
---------------------------+-------+-------+-------++-------
  Melee: War axe           |    45 |   136 |    42 ||   223
         Headbutt          |     3 |    17 |     3 ||    23
    Use: Potion            |       |     1 |     5 ||     6
 Armour: Scale mail        |    24 |    74 |    38 ||   136
  Dodge: Dodged            |    24 |    69 |    21 ||   114
  Block: Buckler           |     9 |    21 |    11 ||    41
